 Dungeon Crawl Stone Soup version 0.28-a0-268-g3f656e82c2 (webtiles) character file.

Game seed: 6690333881042283497

653 Spaninq the Magician (level 7, -1/53 HPs)
             Began as a Gnoll Wanderer on Aug 28, 2021.
             Killed from afar by Pikel (13 damage)
             ... with a puff of flame
             ... on level 4 of the Dungeon.
             The game lasted 00:17:07 (5760 turns).

Spaninq the Magician (Gnoll Wanderer)               Turns: 5760, Time: 00:17:07

Health: -1/53      AC:  7    Str: 13    XL:     7   Next: 54%
Magic:  18/18      EV: 11    Int: 13    God:
Gold:   257        SH:  0    Dex: 10    Spells: 21/21 levels left

rFire   . . .      SeeInvis .   e - +2 hand axe (flame)
rCold   . . .      Faith    .   (no shield)
rNeg    . . .      Spirit   .   c - +1 ring mail
rPois   .          Reflect  .   i - +0 helmet
rElec   .          Harm     .   (no cloak)
rCorr   .          Rampage  .   (no gloves)
Will    .....                   (no boots)
Stlth   +.........              (no amulet)
HPRegen 0.17/turn               (no ring)
MPRegen 0.16/turn               (no ring)

@: no status effects
A: fangs 1, strong nose, distributed training
a: no special abilities


You were on level 4 of the Dungeon.
You visited 1 branch of the dungeon, and saw 4 of its levels.

You collected 257 gold pieces.

Inventory:

Hand Weapons
 a - a +2 shortbow
 e - a +2 hand axe of flaming (weapon)
 h - a +2 vampiric trident
Missiles
 b - 36 arrows
Armour
 c - a +1 ring mail (worn)
 i - a +0 helmet (worn)
Magical Staves
 n - a staff of conjuration
Jewellery
 o - an amulet of magic regeneration
Scrolls
 d - a scroll of teleportation
 f - a scroll of acquirement {unknown}
Potions
 g - a potion of magic {unknown}
 j - a potion of lignification
 k - a potion of curing {unknown}
 l - a potion of brilliance {unknown}
 m - a potion of degeneration {unknown}


   Skills:
 + Level 3.7 Fighting
 + Level 2.5 Short Blades
 + Level 2.5 Long Blades
 + Level 2.5 Axes
 + Level 2.5 Maces & Flails
 + Level 2.5 Polearms
 + Level 2.5 Staves
 + Level 2.5 Slings
 + Level 5.3 Bows
 + Level 2.5 Crossbows
 + Level 2.5 Throwing
 + Level 2.5 Armour
 + Level 2.5 Dodging
 + Level 2.5 Stealth
 + Level 3.7 Shields
 + Level 2.5 Unarmed Combat
 + Level 7.6 Spellcasting
 + Level 4.3 Conjurations
 + Level 2.1 Hexes
 + Level 2.1 Summonings
 + Level 2.1 Necromancy
 + Level 2.1 Translocations
 + Level 2.1 Transmutations
 + Level 2.1 Fire Magic
 + Level 2.1 Ice Magic
 + Level 2.1 Air Magic
 + Level 2.1 Earth Magic
 + Level 2.1 Poison Magic
 + Level 2.8 Invocations
 + Level 3.7 Evocations


You had 21 spell levels left.
You didn't know any spells.
Your spell library contained the following spells:

 Spells                   Type           Power      Damage    Failure   Level
 Slow                     Hex            10%        N/A       19%         2
 Confusing Touch          Hex            10%        N/A       36%         3
 Yara's Violent Unravell  Hex/Tmut       5%         3d4       98%         5


Dungeon Overview and Level Annotations

Branches:
Dungeon (4/15)
 Temple: D:4-7

Altars:
Qazlal
Ru

Shops:
D:4 :

Annotations:
D:3 1 runed translucent door, dolemite99's ghost, amateur HOMo
D:4 Pikel


Innate Abilities, Weirdness & Mutations

You have very sharp teeth.
Your uncanny sense of smell can sniff out nearby items.
Your experience applies equally to all skills.


Message History

The steam dragon bites you but does no damage.
The steam dragon closely misses you.
You barely miss the steam dragon.
The steam dragon is lightly wounded.
The steam dragon completely misses you.
The steam dragon claws you but does no damage.
You hit the steam dragon. You burn the steam dragon.
The steam dragon is moderately wounded.
The steam dragon barely misses you. The steam dragon claws you.
You hit the steam dragon. You burn the steam dragon.
You bite the steam dragon, but do no damage.
The steam dragon is heavily wounded.
The steam dragon breathes steam at you. The ball of steam misses you.
A lemure comes into view.
The lemure shouts!
You hear a shout! x3
The steam dragon breathes steam at you. The ball of steam hits you.
The steam dragon barely misses you. x2
You hit the steam dragon. You burn the steam dragon.
The steam dragon is severely wounded.
The steam dragon bites you! The steam dragon claws you.
Pikel says, "You'll feel the lick of my whip!"
You slash the steam dragon! You burn the steam dragon.
The steam dragon is almost dead.
The steam dragon bites you.
The steam dragon claws you but does no damage.
You closely miss the steam dragon.
The steam dragon is almost dead.
The steam dragon bites you. The steam dragon barely misses you.
The steam dragon breathes steam at you. The ball of steam hits you!
* * * LOW HITPOINT WARNING * * *
The steam dragon barely misses you. The steam dragon claws you.
* * * LOW HITPOINT WARNING * * *
You hit the steam dragon. You burn the steam dragon.
You kill the steam dragon!
The steam dragon scales are intact enough to wear.
Pikel zaps a wand.
The puff of flame hits you!
You die...

.........## #.# .#
#......########.### .###
#.........§.....## ...#
##.......§.§.....##
##.####.......§.§......#
#..##........§§§......#
###.##.#...............#
.......#.......§.......#
.....).#......5[@>.....#
......##).<....<......##
........#............##
......#.(...K.########
......####.(#..######
.......#............##
.....................##
................).....#
....##................#


You could see Pikel and a lemure.

Vanquished Creatures
  A steam dragon (D:4)
  2 ogres (D:3)
  A phantom (D:4)
  A lemure (D:4)
  A kobold brigand (D:4)
  A bullfrog skeleton (D:4)
  An orc wizard (D:3)
  A hound skeleton (D:3)
  Robin (D:3)
  14 gnolls
  4 adders
  2 adder skeletons (D:4)
  A dart slug (D:2)
  4 orcs
  4 bats
  9 endoplasms
  2 giant cockroaches (D:1)
  15 goblins
  4 hobgoblins (D:3)
  2 quokkas
  5 ball pythons
  7 frilled lizards
  3 kobolds
  8 rats
  A spectral kobold (D:1)
95 creatures vanquished.

Notes
Turn   | Place    | Note
-------+----------+-------------------------------------------
     0 | D:1      | Spaninq the Gnoll Wanderer began the quest for the Orb.
     0 | D:1      | Spaninq set off with the following items: a +2 shortbow, 25
                  | arrows, a +0 ring mail, a scroll of teleportation
     0 | D:1      | Reached XP level 1. HP: 17/17 MP: 8/8
    54 | D:1      | Found a faded altar of an unknown god.
   137 | D:1      | Reached XP level 2. HP: 23/23 MP: 10/10
   846 | D:2      | Reached XP level 3. HP: 28/28 MP: 11/11
   867 | D:2      | Reached skill level 1 in Invocations
  1201 | D:2      | Reached skill level 1 in Short Blades
  1201 | D:2      | Reached skill level 1 in Long Blades
  1201 | D:2      | Reached skill level 1 in Axes
  1201 | D:2      | Reached skill level 1 in Maces & Flails
  1201 | D:2      | Reached skill level 1 in Polearms
  1201 | D:2      | Reached skill level 1 in Staves
  1201 | D:2      | Reached skill level 1 in Slings
  1201 | D:2      | Reached skill level 1 in Crossbows
  1201 | D:2      | Reached skill level 1 in Throwing
  1201 | D:2      | Reached skill level 1 in Armour
  1201 | D:2      | Reached skill level 1 in Dodging
  1201 | D:2      | Reached skill level 1 in Stealth
  1201 | D:2      | Reached skill level 1 in Unarmed Combat
  1319 | D:2      | Reached XP level 4. HP: 29/34 MP: 13/13
  2030 | D:1      | Found a faded altar of an unknown god.
  2066 | D:1      | Reached skill level 1 in Hexes
  2066 | D:1      | Reached skill level 1 in Summonings
  2066 | D:1      | Reached skill level 1 in Necromancy
  2066 | D:1      | Reached skill level 1 in Translocations
  2066 | D:1      | Reached skill level 1 in Transmutations
  2066 | D:1      | Reached skill level 1 in Fire Magic
  2066 | D:1      | Reached skill level 1 in Ice Magic
  2066 | D:1      | Reached skill level 1 in Air Magic
  2066 | D:1      | Reached skill level 1 in Earth Magic
  2066 | D:1      | Reached skill level 1 in Poison Magic
  2722 | D:3      | Noticed dolemite99's ghost (amateur HOMo)
  2722 | D:3      | Found a runed translucent door.
  2728 | D:3      | Found a stormy altar of Qazlal.
  2848 | D:3      | Noticed Robin
  2852 | D:3      | Killed Robin
  2853 | D:3      | Reached XP level 5. HP: 39/40 MP: 14/14
  3040 | D:3      | Found a sacrificial altar of Ru.
  3481 | D:4      | Noticed an ogre
  3908 | D:3      | Killed an ogre
  3909 | D:3      | Reached XP level 6. HP: 47/47 MP: 16/16
  4226 | D:3      | Reached skill level 5 in Bows
  4820 | D:4      | Reached XP level 7. HP: 16/52 MP: 18/18
  5120 | D:4      | Found Gosuf's Self-Improvement Boutique.
  5432 | D:4      | Noticed Pikel
  5624 | D:4      | Noticed a steam dragon
  5760 | D:4      | Killed a steam dragon
  5760 | D:4      | Killed from afar by Pikel

Illustrated notes

Levels and vault maps discovered:
D:1:      amcnicky_arrival_single_pillar, layout_basic,
          dreamdust_ecumenical_altar_drowned_temple, minivault_5,
          minmay_stone_trees_small, minmay_misc_feat_encased,
          amcnicky_mini_pool_small
D:2:      layout_basic
D:3:      layout_rooms, nicolae_qazlal_general_emergency,
          nicolae_ru_awakened_eye, gammafunk_ghost_grave,
          hangedman_decor_clover_reticule, uniq_robin
D:4:      layout_rooms, nicolae_shop_self_help, uniq_pikel

Skill      XL: |  1  2  3  4  5  6  7 |
---------------+----------------------+-----
Invocations    | 1 2 |  2.8
Short Blades   | 1 2 |  2.5
Long Blades    | 1 2 |  2.5
Axes           | 1 2 |  2.5
Maces & Flails | 1 2 |  2.5
Polearms       | 1 2 |  2.5
Staves         | 1 2 |  2.5
Slings         | 1 2 |  2.5
Crossbows      | 1 2 |  2.5
Throwing       | 1 2 |  2.5
Armour         | 1 2 |  2.5
Dodging        | 1 2 |  2.5
Stealth        | 1 2 |  2.5
Unarmed Combat | 1 2 |  2.5
Hexes          | 1 2 |  2.1
Summonings     | 1 2 |  2.1
Necromancy     | 1 2 |  2.1
Translocations | 1 2 |  2.1
Transmutations | 1 2 |  2.1
Fire Magic     | 1 2 |  2.1
Ice Magic      | 1 2 |  2.1
Air Magic      | 1 2 |  2.1
Earth Magic    | 1 2 |  2.1
Poison Magic   | 1 2 |  2.1
Fighting       | 3 |  3.7
Shields        | 3 |  3.7
Evocations     | 3 |  3.7
Conjurations   | 4 |  4.3
Bows           | 5 |  5.3
Spellcasting   | |  7.6

Action                   |  1- 3 |  4- 6 |  7- 9 || total
-------------------------+-------+-------+-------++-------
Melee: Hand axe          |    28 |    82 |    19 ||   129
       Bite              |       |     8 |     4 ||    12
       Trident           |       |    37 |    30 ||    67
       Punch             |       |     2 |       ||     2
 Fire: Shortbow          |    63 |    41 |    38 ||   142
  Use: Potion            |     1 |     1 |       ||     2
       Scroll            |       |     5 |       ||     5
Armor: Ring mail         |    18 |    48 |    13 ||    79
Dodge: Dodged            |    18 |    87 |    29 ||   134

Table legend: (Time is in decaauts)
 A = Elapsed time spent in this place.
 B = Non-inter-level travel time spent in this place.
 C = Inter-level travel time spent in this place.
 D = Time resting spent in this place.
 E = Time spent auto-exploring this place.
 F = Levels seen in this place.
 G = Mean time per level.
                   A        B        C        D        E       F      G
               +--------+--------+--------+--------+--------+-----+--------+
         Total |   5839 |   5469 |    370 |   1762 |   2384 |   4 | 1459.8 |
       Dungeon |   5839 |   5469 |    370 |   1762 |   2384 |   4 | 1459.8 |
               +--------+--------+--------+--------+--------+-----+--------+

Top non-repeatable levels by time:
     D:3: 1839 daAuts
     D:1: 1746 daAuts
     D:2: 1555 daAuts
     D:4: 698 daAuts
